XFBL
DETROIT TIGERS @ CLEVELAND SPIDERS
10/02/1982
 
TOP OF THE 1ST
Detroit Tigers batting - Pitching for Cleveland Spiders : RHP Richard Stumpp
Pitching: RHP Richard Stumpp
Batting: RHB Tack Wilson 0-0: Called Strike
0-1: Bunted foul
0-2: Ball
1-2: Foul Ball, location: 2F
1-2: Foul Ball, location: 2F
1-2: Ball
2-2: Foul Ball, location: 2F
2-2: Ball
3-2: Ground out 6-3 (Groundball, 6, EV 83.1 MPH)
Batting: SHB Tony Phillips 0-0: Called Strike
0-1: Ball
1-1: Swinging Strike
1-2: Foul Ball, location: 2F
1-2: Ball
2-2: SOLO HOME RUN (Flyball, 9D, EV 108.1 MPH), Distance : 390 ft
Batting: LHB Jerry Tabb 0-0: Ball
1-0: Foul Ball, location: 2F
1-1: Ground out 5-3 (Groundball, 56S, EV 70.0 MPH)
Batting: RHB Dave Kingman 0-0: Swinging Strike
0-1: Ball
1-1: Ball
2-1: Foul Ball, location: 2F
2-2: Ball
3-2: Strikes out looking
Top of the 1st over - 1 run, 1 hit, 0 errors, 0 left on base; Detroit 1 - Cleveland 0
BOTTOM OF THE 1ST
Cleveland Spiders batting - Pitching for Detroit Tigers : RHP Matt Wiseman
Pitching: RHP Matt Wiseman
Batting: SHB Bump Wills 0-0: Ground out 4-3 (Groundball, 34, EV 85.6 MPH)
Batting: RHB Tom Brunansky 0-0: Ball
1-0: Ball
2-0: Fly out, F7 (Flyball, 7, EV 96.9 MPH)
Batting: RHB Gary Gaetti 0-0: Ball
1-0: Foul Ball, location: 2F
1-1: Ball
2-1: Foul Ball, location: 2F
2-2: Fly out, F9 (Flyball, 9D, EV 88.8 MPH)
Bottom of the 1st over - 0 runs, 0 hits, 0 errors, 0 left on base; Detroit 1 - Cleveland 0
TOP OF THE 2ND
Detroit Tigers batting - Pitching for Cleveland Spiders : RHP Richard Stumpp
Batting: RHB Larry Parrish 0-0: SINGLE (Line Drive, 6MD, EV 98.8 MPH)
Batting: SHB Lee Mazzilli 0-0: Ball
1-0: Fielders Choice at 2nd, 4-6 (Groundball, 4, EV 86.9 MPH)
Batting: RHB Keith Moreland 0-0: Fly out, F9 (Flyball, 89D, EV 94.4 MPH)
Batting: RHB Jose Hidalgo 0-0: Called Strike
Lee Mazzilli steals 2nd base (no throw)
0-1: Foul Ball, location: 2F
0-2: Ball
1-2: SINGLE (Flyball, 56D, EV 86.9 MPH)
Lee Mazzilli to third
Runner from 3rd tries for Home, SAFE, throw by LF to home
Batting: SHB Raul Gonzalez 0-0: Ball
1-0: Swinging Strike
1-1: Ball
2-1: Ball
3-1: Foul Ball, location: 2F
3-2: Base on Balls
Jose Hidalgo to second
Batting: RHB Tack Wilson 0-0: Ball
1-0: Ball
2-0: SINGLE (Line Drive, 7LS, EV 100.6 MPH)
Jose Hidalgo to third
Raul Gonzalez to second
Runner from 3rd tries for Home, SAFE, throw by LF to home
Batting: SHB Tony Phillips 0-0: Called Strike
0-1: Ball
1-1: Ball
2-1: Fly out, F7 (Flyball, 78M, EV 89.4 MPH)
Top of the 2nd over - 2 runs, 3 hits, 0 errors, 2 left on base; Detroit 3 - Cleveland 0
BOTTOM OF THE 2ND
Cleveland Spiders batting - Pitching for Detroit Tigers : RHP Matt Wiseman
Batting: SHB Salvador Perez 0-0: Called Strike
0-1: Called Strike
0-2: Ground out 4-3 (Groundball, 4, EV 104.4 MPH)
Batting: RHB Clayton Elliott 0-0: Called Strike
0-1: Ball
1-1: Ball
2-1: Called Strike
2-2: Strikes out swinging
Batting: RHB Cressy Pratt 0-0: Foul Ball, location: 2F
0-1: Foul Ball, location: 2F
0-2: Foul Ball, location: 2F
0-2: Ball
1-2: Fly out, F7 (Flyball, 7S, EV 81.3 MPH)
Bottom of the 2nd over - 0 runs, 0 hits, 0 errors, 0 left on base; Detroit 3 - Cleveland 0
TOP OF THE 3RD
Detroit Tigers batting - Pitching for Cleveland Spiders : RHP Richard Stumpp
Batting: LHB Jerry Tabb 0-0: Ground out 5-3 (Groundball, 56, EV 86.9 MPH)
Batting: RHB Dave Kingman 0-0: Ball
1-0: Ball
2-0: Called Strike
2-1: Ball
3-1: Base on Balls
Batting: RHB Larry Parrish 0-0: Ball
1-0: Ball
2-0: Called Strike
2-1: Ball
3-1: Base on Balls
Dave Kingman to second
Batting: SHB Lee Mazzilli 0-0: Ball
1-0: Called Strike
1-1: Swinging Strike
1-2: Strikes out swinging
Batting: RHB Keith Moreland 0-0: Called Strike
0-1: Foul Ball, location: 2F
0-2: Ball
1-2: Foul Ball, location: 2F
1-2: Strikes out swinging
Top of the 3rd over - 0 runs, 0 hits, 0 errors, 2 left on base; Detroit 3 - Cleveland 0
BOTTOM OF THE 3RD
Cleveland Spiders batting - Pitching for Detroit Tigers : RHP Matt Wiseman
Batting: RHB Alan Trammell 0-0: Ball
1-0: Called Strike
1-1: Ball
2-1: Ground out 5-3 (Groundball, 5, EV 82.5 MPH)
Batting: RHB Lance Parrish 0-0: Ball
1-0: Ground out 5-3 (Groundball, 56S, EV 85.0 MPH)
Batting: RHB Kevin Bell 0-0: Ball
1-0: Foul Ball, location: 2F
1-1: Called Strike
1-2: Reached on error, E7 (Flyball, 78S, EV 91.9 MPH)
Batting: SHB Bump Wills 0-0: SINGLE (Groundball, 25, EV 67.5 MPH) (infield hit)
Kevin Bell to third
Batting: RHB Tom Brunansky 0-0: Ball
1-0: Swinging Strike
1-1: Called Strike
1-2: Ball
2-2: Foul Ball, location: 2F
2-2: Ground out 1-3 (Groundball, P, EV 71.9 MPH)
Bottom of the 3rd over - 0 runs, 1 hit, 1 error, 2 left on base; Detroit 3 - Cleveland 0
TOP OF THE 4TH
Detroit Tigers batting - Pitching for Cleveland Spiders : RHP Richard Stumpp
Batting: RHB Jose Hidalgo 0-0: Ball
1-0: Called Strike
1-1: DOUBLE (Line Drive, 9LM, EV 104.4 MPH)
Batting: SHB Raul Gonzalez 0-0: Fly out, F8 (Line Drive, 8RM, EV 98.1 MPH)
Batting: RHB Tack Wilson 0-0: Swinging Strike
0-1: Swinging Strike
0-2: Ball
1-2: Fly out, F7 (Flyball, 7D, EV 94.4 MPH)
Batting: SHB Tony Phillips 0-0: Foul Ball, location: 2F
0-1: Fly out, F7 (Flyball, 7D, EV 100.0 MPH)
Top of the 4th over - 0 runs, 1 hit, 0 errors, 1 left on base; Detroit 3 - Cleveland 0
BOTTOM OF THE 4TH
Cleveland Spiders batting - Pitching for Detroit Tigers : RHP Matt Wiseman
Batting: RHB Gary Gaetti 0-0: Called Strike
0-1: Called Strike
0-2: Foul Ball, location: 2F
0-2: Foul Ball, location: 2F
0-2: SINGLE (Flyball, 56D, EV 92.5 MPH)
Batting: SHB Salvador Perez 0-0: Ball
1-0: SINGLE (Line Drive, 3D, EV 103.8 MPH)
Gary Gaetti to second
Runner from 2nd tries for 3rd, SAFE, no throw by RF
Batting: RHB Clayton Elliott 0-0: Ball
1-0: Foul Ball, location: 2F
1-1: Ball
2-1: Ball
3-1: 3-RUN HOME RUN (Flyball, 78XD, EV 100.6 MPH), Distance : 417 ft
Batting: RHB Cressy Pratt 0-0: SINGLE (Line Drive, 34D, EV 95.0 MPH)
Batting: RHB Alan Trammell 0-0: Fly out, F7 (Flyball, 78M, EV 86.3 MPH)
Batting: RHB Lance Parrish 0-0: Ball
1-0: Ball
2-0: Ball
3-0: Called Strike
3-1: Base on Balls
Cressy Pratt to second
Batting: RHB Kevin Bell 0-0: Ball
1-0: SINGLE (Groundball, 56S, EV 68.1 MPH) (infield hit)
Cressy Pratt to third
Lance Parrish to second
Batting: SHB Bump Wills 0-0: Called Strike
0-1: Swinging Strike
0-2: Fly out, F8 (Flyball, 8LM, EV 93.1 MPH)
Runner from 3rd tags up, OUT at HOME! 8-2
Bottom of the 4th over - 3 runs, 5 hits, 0 errors, 2 left on base; Detroit 3 - Cleveland 3
TOP OF THE 5TH
Detroit Tigers batting - Pitching for Cleveland Spiders : RHP Richard Stumpp
Batting: LHB Jerry Tabb 0-0: Ball
1-0: Ball
2-0: Called Strike
2-1: Fly out, F6 (Flyball, 56D, EV 88.8 MPH)
Batting: RHB Dave Kingman 0-0: Called Strike
0-1: Ball
1-1: Swinging Strike
1-2: Fly out, F9 (Flyball, 9S, EV 93.8 MPH)
Batting: RHB Larry Parrish 0-0: Hit by Pitch
Batting: SHB Lee Mazzilli 0-0: Ball
1-0: Ball
2-0: Ball
3-0: Called Strike
3-1: Base on Balls
Larry Parrish to second
Batting: RHB Keith Moreland 0-0: Called Strike
0-1: DOUBLE (Flyball, 8RXD, EV 112.5 MPH)
Larry Parrish scores
Lee Mazzilli to third
Runner from 3rd tries for Home, throw by CF and OUT! 8-4-2
Top of the 5th over - 1 run, 1 hit, 0 errors, 1 left on base; Detroit 4 - Cleveland 3
BOTTOM OF THE 5TH
Cleveland Spiders batting - Pitching for Detroit Tigers : RHP Matt Wiseman
Batting: RHB Tom Brunansky 0-0: Ball
1-0: Ball
2-0: Ball
3-0: Foul Ball, location: 2F
3-1: Foul Ball, location: 2F
3-2: Foul Ball, location: 2F
3-2: Foul Ball, location: 2F
3-2: SINGLE (Groundball, 4M, EV 97.5 MPH) (infield hit)
Batting: RHB Gary Gaetti 0-0: Ball
Tom Brunansky steals 2nd, throwing error, E2
Tom Brunansky to third
1-0: Ground out 5-3 (Groundball, 5S, EV 83.8 MPH)
Batting: SHB Salvador Perez 0-0: SINGLE (Line Drive, 6, EV 96.3 MPH)
Tom Brunansky scores
Batting: RHB Clayton Elliott 0-0: Called Strike
Salvador Perez steals 2nd, throwing error, E2
Salvador Perez to third
0-1: Foul Ball, location: 2F
0-2: Ball
1-2: Ball
2-2: Ball
3-2: Intentional Walk
Batting: RHB Cressy Pratt 0-0: Ball
1-0: Foul Ball, location: 2F
1-1: Ball
2-1: Grounds into double play, 6-4-3 (Groundball, 6, EV 84.4 MPH)
Bottom of the 5th over - 1 run, 2 hits, 2 errors, 1 left on base; Detroit 4 - Cleveland 4
TOP OF THE 6TH
Detroit Tigers batting - Pitching for Cleveland Spiders : RHP Richard Stumpp
Batting: RHB Jose Hidalgo 0-0: Ground out 4-3 (Groundball, 4, EV 88.1 MPH)
Batting: SHB Raul Gonzalez 0-0: Fly out, F4 (Popup, 34, EV 61.3 MPH)
Batting: RHB Tack Wilson 0-0: Fly out, F7 (Flyball, 78S, EV 73.1 MPH)
Top of the 6th over - 0 runs, 0 hits, 0 errors, 0 left on base; Detroit 4 - Cleveland 4
BOTTOM OF THE 6TH
Cleveland Spiders batting - Pitching for Detroit Tigers : RHP Matt Wiseman
Batting: RHB Alan Trammell 0-0: Ball
1-0: Ball
2-0: Ball
3-0: Base on Balls
Batting: RHB Lance Parrish 0-0: Ball
1-0: Grounds into double play, 6-4-3 (Groundball, 6MD, EV 84.4 MPH)
Batting: RHB Kevin Bell 0-0: Ball
1-0: Ball
2-0: Called Strike
2-1: Fly out, F3 (Flyball, 3D, EV 84.4 MPH)
Bottom of the 6th over - 0 runs, 0 hits, 0 errors, 0 left on base; Detroit 4 - Cleveland 4
TOP OF THE 7TH
Detroit Tigers batting - Pitching for Cleveland Spiders : RHP Richard Stumpp
Batting: SHB Tony Phillips 0-0: Ball
1-0: Fly out, F8 (Line Drive, 8RD, EV 85.0 MPH)
Batting: LHB Jerry Tabb 0-0: Ball
1-0: Foul Ball, location: 2F
1-1: Foul Ball, location: 2F
1-2: Ball
2-2: Foul Ball, location: 2F
2-2: Strikes out looking
Batting: RHB Dave Kingman 0-0: Foul Ball, location: 2F
0-1: Foul Ball, location: 2F
0-2: SOLO HOME RUN (Flyball, 7D, EV 102.5 MPH), Distance : 395 ft
Batting: RHB Larry Parrish 0-0: Called Strike
0-1: Ball
1-1: Foul Ball, location: 2F
1-2: Ball
2-2: Foul Ball, location: 2F
2-2: Ball
3-2: Ground out 4-3 (Groundball, 4S, EV 84.4 MPH)
Top of the 7th over - 1 run, 1 hit, 0 errors, 0 left on base; Detroit 5 - Cleveland 4
BOTTOM OF THE 7TH
Cleveland Spiders batting - Pitching for Detroit Tigers : RHP Matt Wiseman
Batting: SHB Bump Wills 0-0: Ground out 4-3 (Groundball, 34D, EV 97.5 MPH)
Batting: RHB Tom Brunansky 0-0: Ball
1-0: Ground out 4-3 (Groundball, 34, EV 83.8 MPH)
Batting: RHB Gary Gaetti 0-0: Ball
1-0: SINGLE (Line Drive, 56D, EV 101.3 MPH)
Batting: SHB Salvador Perez 0-0: Ground out 4-3 (Groundball, 34S, EV 86.3 MPH)
Bottom of the 7th over - 0 runs, 1 hit, 0 errors, 1 left on base; Detroit 5 - Cleveland 4
TOP OF THE 8TH
Detroit Tigers batting - Pitching for Cleveland Spiders : RHP Richard Stumpp
Pitching: RHP Joe Beckwith
Batting: SHB Lee Mazzilli 0-0: Called Strike
0-1: Called Strike
0-2: Strikes out looking
Batting: RHB Keith Moreland 0-0: Swinging Strike
0-1: Ball
1-1: Foul Ball, location: 2F
1-2: Foul Ball, location: 2F
1-2: Foul Ball, location: 2F
1-2: Foul Ball, location: 2F
1-2: Ball
2-2: Strikes out looking
Batting: RHB Jose Hidalgo 0-0: Ball
1-0: Ground out U3 (Groundball, 3S, EV 62.5 MPH)
Top of the 8th over - 0 runs, 0 hits, 0 errors, 0 left on base; Detroit 5 - Cleveland 4
BOTTOM OF THE 8TH
Cleveland Spiders batting - Pitching for Detroit Tigers : RHP Matt Wiseman
Batting: RHB Clayton Elliott 0-0: Ball
1-0: Ball
2-0: SOLO HOME RUN (Flyball, 7LD, EV 99.4 MPH), Distance : 367 ft
Batting: RHB Cressy Pratt 0-0: Swinging Strike
0-1: Ball
1-1: Ball
2-1: Swinging Strike
2-2: Foul Ball, location: 2F
2-2: Ball
3-2: Foul Ball, location: 2F
3-2: Ground out 5-3 (Groundball, 56, EV 79.4 MPH)
Batting: RHB Alan Trammell 0-0: Called Strike
0-1: Swinging Strike
0-2: Ball
1-2: Ball
2-2: Foul Ball, location: 2F
2-2: Strikes out swinging, 2-3 out at first.
Batting: RHB Lance Parrish 0-0: SINGLE (Flyball, 7LS, EV 87.5 MPH)
Pitching: RHP J R Richard
Batting: RHB Kevin Bell 0-0: Called Strike
0-1: Foul Ball, location: 2F
0-2: Ball
1-2: Strikes out looking
Bottom of the 8th over - 1 run, 2 hits, 0 errors, 1 left on base; Detroit 5 - Cleveland 5
TOP OF THE 9TH
Detroit Tigers batting - Pitching for Cleveland Spiders : RHP Joe Beckwith
Pitching: RHP Omar Huaman
Batting: SHB Raul Gonzalez 0-0: Foul Ball, location: 2F
0-1: Ball
1-1: Foul Ball, location: 2F
1-2: Foul Ball, location: 2F
1-2: Strikes out swinging
Batting: RHB Tack Wilson 0-0: Ball
1-0: Foul Ball, location: 2F
1-1: Fly out, F8 (Flyball, 8RM, EV 81.9 MPH)
Batting: SHB Tony Phillips 0-0: Called Strike
0-1: Swinging Strike
0-2: Ball
1-2: Ball
2-2: Strikes out swinging
Top of the 9th over - 0 runs, 0 hits, 0 errors, 0 left on base; Detroit 5 - Cleveland 5
BOTTOM OF THE 9TH
Cleveland Spiders batting - Pitching for Detroit Tigers : RHP J R Richard
Batting: SHB Bump Wills 0-0: Ball
1-0: Ball
2-0: Ball
3-0: Base on Balls
Batting: RHB Tom Brunansky 0-0: Ground out 5-3 (Groundball, 56S, EV 68.1 MPH)
Bump Wills to second
Batting: RHB Gary Gaetti 0-0: Ball
1-0: Called Strike
1-1: Ball
2-1: Swinging Strike
2-2: Ball
3-2: Base on Balls
Batting: SHB Salvador Perez 0-0: Ball
1-0: Ball
2-0: Fly out, F9 (Flyball, 89D, EV 99.4 MPH)
Runner from 2nd tags up, SAFE at 3rd, no throw by RF
Batting: RHB Clayton Elliott 0-0: Ball
1-0: Ball
Wild Pitch!
Bump Wills scores
Bottom of the 9th over - 1 run, 0 hits, 0 errors, 0 left on base; Detroit 5 - Cleveland 6
Friday, September 4th, 2020 - OOTP Baseball 21.5 Build 76